 Dungeon Crawl Stone Soup version 0.29.0-13-gc9e81de378 (webtiles) character file.

Game seed: 8893393026519098225

28919 Tsarbomb the Cleaver (level 13, -23/99 HPs)
             Began as a Merfolk Monk on Sept 10, 2022.
             Was a High Priest of Nemelex Xobeh.
             Annihilated by an orc warrior
             ... wielding a +0 battleaxe
              (28 damage)
             ... on level 2 of the Orcish Mines.
             The game lasted 00:53:00 (18798 turns).

Tsarbomb the Cleaver (Merfolk Monk)                Turns: 18798, Time: 00:53:00

Health: -23/99     AC: 19    Str: 15    XL:     13   Next: 41%
Magic:  0/16       EV:  8    Int: 11    God:    Nemelex Xobeh [*****.]
Gold:   1740       SH:  4    Dex: 16    Spells: 12/12 levels left

rFire   + . .      SeeInvis .   u - +11 hand axe of Victory {drain, *Corrode rPois rF+ rC+}
rCold   + . .      Faith    .   r - +0 buckler
rNeg    . . .      Spirit   +   z - +4 chain mail
rPois   +          Reflect  .   (no helmet)
rElec   .          Harm     .   (no cloak)
rCorr   +          Rampage  .   (no gloves)
Will    .....                   (no boots)
Stlth   ..........              S - amulet of guardian spirit
HPRegen 0.26/turn               C - +4 ring of protection
MPRegen 0.15/turn               J - ring of resist corrosion

@: about to teleport
A: (nimble swimmer 2), mertail
a: Renounce Religion, Draw Escape, Draw Destruction, Draw Summoning, Triple
Draw, Deal Four, Stack Five


You were on level 2 of the Orcish Mines.
You worshipped Nemelex Xobeh.
Nemelex Xobeh was extremely pleased with you.
You visited 4 branches of the dungeon, and saw 18 of its levels.
You also visited: Sewer and Bailey.

You collected 1740 gold pieces.

Inventory:

Hand Weapons
 u - the +11 hand axe of Victory (weapon) {drain, *Corrode rPois rF+ rC+}
   (You found it on level 3 of the Dungeon)

   A truly terrible weapon, it drains the life of any living foe it strikes.
   rF:        It protects you from fire.
   rC:        It protects you from cold.
   rPois:     It protects you from poison.
   *Corrode:  It may corrode you when you take damage.
 U - a +5 demon trident
Missiles
 j - 132 stones (quivered)
 H - 3 throwing nets
Armour
 q - the +1 plate armour of the Land of Plenty {Rampage rF+}
   (You found it on level 2 of the Dungeon)

   rF:        It protects you from fire.
   Rampage:   It bestows one free step when moving towards enemies.
 r - a +0 buckler (worn)
 x - a +2 chain mail of positive energy
 z - a +4 chain mail (worn)
 T - a +0 plate armour of poison resistance
Jewellery
 w - a ring of protection from cold
 C - a +4 ring of protection (left hand)
 G - an amulet of the acrobat
 J - a ring of resist corrosion (right hand)
 O - a +4 ring of slaying
 S - an amulet of guardian spirit (around neck)
Wands
 d - a wand of polymorph (12)
 v - a wand of charming (16)
 y - a wand of quicksilver (3)
Scrolls
 a - 5 scrolls of identify
 b - a scroll of poison {unknown}
 e - 7 scrolls of teleportation
 f - 4 scrolls of fear
 h - a scroll of brand weapon
 l - 2 scrolls of summoning
 n - 7 scrolls of magic mapping
 p - 4 scrolls of blinking {unknown}
 B - 2 scrolls of enchant armour {unknown}
 D - 2 scrolls of butterflies {unknown}
 K - a scroll of torment {unknown}
 L - 4 scrolls of amnesia {unknown}
 N - 3 scrolls of silence {unknown}
Potions
 c - 3 potions of ambrosia
 g - 5 potions of curing
 i - 5 potions of degeneration
 k - 5 potions of brilliance {unknown}
 m - 7 potions of attraction {unknown}
 o - 6 potions of heal wounds {unknown}
 s - a potion of berserk rage {unknown}
 t - 2 potions of lignification
 A - 2 potions of invisibility {unknown}
 E - a potion of magic {unknown}
 F - 6 potions of flight
 M - a potion of mutation {unknown}
 P - a potion of might {unknown}
 R - a potion of experience
Miscellaneous
 Q - a phantom mirror


   Skills:
 + Level 8.4 Fighting
 - Level 13.6(14.0) Axes
 - Level 7.3(15.1) Polearms
 + Level 9.6 Armour
 - Level 4.0 Dodging
 - Level 2.1 Stealth
 - Level 2.0 Shields
 + Level 4.2 Invocations


You had 12 spell levels left.
You didn't know any spells.
Your spell library contained the following spells:

 Spells                   Type           Power      Damage    Failure   Level
 Sandblast                Erth           0%         2d4       99%         1
 Summon Small Mammal      Summ           0%         N/A       99%         1
 Passwall                 Tmut/Erth      0%         N/A       100%        2
 Static Discharge         Conj/Air       0%         3-3/arc   100%        2
 Call Canine Familiar     Summ           0%         N/A       100%        3
 Ozocubu's Armour         Ice            0%         N/A       100%        3
 Stone Arrow              Conj/Erth      0%         3d7       100%        3
 Summon Guardian Golem    Hex/Summ       0%         N/A       100%        3
 Animate Dead             Necr           0%         N/A       100%        4
 Lightning Bolt           Conj/Air       0%         1d11      100%        5
 Metabolic Englaciation   Hex/Ice        0%         N/A       100%        5
 Simulacrum               Ice/Necr       0%         N/A       100%        6
 Haunt                    Necr/Summ      0%         N/A       100%        7
 Infestation              Necr           0%         N/A       100%        8
 Maxwell's Capacitive Co  Air            0%         ∞         100%        8


Dungeon Overview and Level Annotations

Branches:
Dungeon (12/15)            Temple (0/1) D:5            Lair (3/5) D:11
  Swamp (1/4) Lair:2          Orc (2/2) D:11            Elf (0/3) Orc:2
  Sewer (visited)          Bailey (visited)
  Snake: Lair:2-3    Spider: Lair:2-3

Altars:
Ashenzari
Cheibriados
Fedhas
Kikubaaqudgha
Nemelex Xobeh
Okawaru
Uskayaw
Vehumet
Xom
Zin

Shops:
D:1 ?   D:3 [   D:4 *

Annotations:
D:4 exclusion: downstairs
D:5 2 transporters, lambentLogic's ghost, novice KoEn
Lair:1 1 runed translucent door, tizbic2's ghost, journeyman OgFi
Lair:2 exclusion: downstairs
Orc:1 1 runed translucent door


Innate Abilities, Weirdness & Mutations

((You are very nimble when in or above water. (Stealth+, EV+, Speed+++)))
Your lower body shifts to a powerful aquatic tail in water.


Message History

The orc sorcerer hits you but does no damage.
The orc knight roars a battlecry!
The orc warrior no longer looks unusually strong.
The orc knight no longer looks unusually strong.
The orc high priest no longer looks unusually strong.
The orc warrior is no longer moving slowly.
The orc knight roars a battlecry!
The orcs go into a battle-frenzy!
The orc high priest calls upon Beogh to heal the orc warrior.
The orc warrior is healed somewhat.
An orc wizard comes into view. It is wielding a +0 dagger.
You hear a shout!
The orc warrior attacks as you move away!
The orc warrior hits you but does no damage.
The orc priest no longer looks unusually strong.
The orc knight roars a battlecry!
The orc priest goes into a battle-frenzy!
The orc warrior shoots a bolt.
The bolt hits you!
* * * LOW HITPOINT WARNING * * *
You draw a card...
You have drawn the Cloud.
Clouds appear around you!
The orc sorcerer no longer looks unusually strong.
The orc warrior barely misses you. The orc sorcerer barely misses you.
The orc warrior hits you from afar with a +0 glaive!!
* * * LOW HITPOINT WARNING * * *
Unknown command.
Okay, then.
As you read the scroll of teleportation, it crumbles to dust.
You feel strangely unstable.
The orc warrior no longer looks unusually strong.
The orc warrior barely misses you.
The orc sorcerer hits you with a +0 dagger.
* * * LOW HITPOINT WARNING * * *
The orc warrior hits you from afar with a +0 glaive.
* * * LOW HITPOINT WARNING * * *
The ice devil hits you but does no damage.
You draw a card...
You have drawn the Tomb.
Walls emerge from the floor!
The orc hits you but does no damage.
The orc warrior hits you with a +0 battleaxe!!
You die...
Your body glows with a rainbow of weird colours and disappears.

...........#............§4....#..
......#.................#))..)...
.....................o.))))......
.^...................{o..)...#...
..........#...........oo..).....#
.........#........§o.o.#.......#.
.................oooo...#..#.....
.........#.#...##o§§..o4.........
..<.......#....#@oo§o.o..........
...............#4o§....o........#
.......##.......oo§..#........###
........#.....................#
.##.##.###.#.##.#.#..#.....#.##
######## #####################


You could see an ice devil (summoned), an orc sorcerer, 3 orc warriors, an orc
priest (strong) and 3 orcs.

Vanquished Creatures
  An orc warlord (Orc:1)
  3 hydras (Lair:2)
  A two-headed ogre (Orc:1)
  An orc high priest (Orc:2)
  Sonja (Lair:1)
  A lindwurm (Lair:2)
  2 orc sorcerers
  A black mamba (Lair:1)
  A torpor snail (D:10)
  A gargoyle (D:12)
  4 cane toads (Lair:2)
  A kobold demonologist (D:11)
  2 komodo dragons
  3 trolls
  A tyrant leech (Lair:2)
  A hornet (D:11)
  8 blink frogs
  2 shadows
  18 yaks
  2 wyverns (Lair:2)
  3 wraiths
  3 basilisks
  Menkaure (D:5)
  2 acid dragons
  4 wargs
  A water moccasin (D:7)
  A black bear (D:5)
  20 orc warriors
  3 ice beasts
  A sky beast (D:7)
  4 ogres
  15 centaurs
  2 kobold brigands
  A necrophage (D:6)
  A bullfrog (D:8)
  2 gnoll sergeants
  4 scorpions
  13 wights
  5 killer bees (D:9)
  7 howler monkeys
  2 hounds
  18 orc priests
  3 jellies
  18 orc wizards
  Natasha (thrice) (D:3)
  2 iguanas
  Terence (D:3)
  16 gnolls
  14 adders
  5 river rats
  2 white imps
  2 ufetubi
  4 worms
  A dart slug (D:2)
  69 orcs
  8 endoplasms
  10 giant cockroaches
  9 hobgoblins
  11 jackals
  21 kobolds
  2 quokkas (D:1)
  9 ball pythons
  11 bats
  6 frilled lizards
  10 goblins
  6 rats
411 creatures vanquished.

Vanquished Creatures (collateral kills)
  A two-headed ogre (D:9)
  Nergalle (Lair:1)
  A manticore (Orc:1)
  A moth of wrath (Orc:1)
  An eye of devastation (Orc:1)
  A torpor snail (Orc:1)
  2 cane toads (Lair:1)
  A wyvern (Lair:1)
  3 vampire mosquitoes (D:10)
  A warg (Orc:1)
  6 orc warriors
  2 ogres (Orc:1)
  3 wights (D:9)
  4 orc priests
  5 orcs
33 creatures vanquished.

Vanquished Creatures (others)
  2 orcs (Bailey)
  A kobold (D:9)
  9 fungi
  11 plants
23 creatures vanquished.

Grand Total: 467 creatures vanquished

Notes
Turn   | Place    | Note
-------+----------+-------------------------------------------
     0 | D:1      | Tsarbomb the Merfolk Monk began the quest for the Orb.
     0 | D:1      | Reached XP level 1. HP: 18/18 MP: 1/1
   141 | D:1      | Reached XP level 2. HP: 24/24 MP: 2/2
   185 | D:1      | Found Rutasobu's Magic Scroll Boutique.
   298 | D:1      | Reached skill level 5 in Polearms
   721 | D:1      | Found a faded altar of an unknown god.
  1172 | D:2      | Reached XP level 3. HP: 27/29 MP: 3/3
  1554 | D:3      | Reached XP level 4. HP: 19/35 MP: 4/4
  1699 | D:3      | Noticed Terence
  1748 | D:2      | Identified the +1 plate armour of the Land of Plenty
                  | {Rampage rF+}
  2749 | D:3      | Reached XP level 5. HP: 38/41 MP: 5/5
  2767 | D:3      | Identified the +11 hand axe of Victory {drain, *Corrode
                  | rPois rF+ rC+}
  2885 | D:3      | Found Uriny's Antique Armour Emporium.
  2973 | D:3      | Noticed Natasha
  2976 | D:3      | Killed Natasha
  2977 | D:3      | Reached skill level 1 in Shields
  3024 | D:3      | Found an ancient bone altar of Kikubaaqudgha.
  3099 | D:3      | Reached skill level 1 in Armour
  3269 | D:3      | Reached XP level 6. HP: 47/47 MP: 6/6
  3404 | D:3      | Reached skill level 1 in Axes
  3543 | D:3      | Killed Terence
  4047 | D:3      | Noticed Natasha
  4056 | D:3      | Killed Natasha
  4502 | D:3      | Found an ancient bone altar of Kikubaaqudgha.
  4526 | D:3      | Found Uriny's Antique Armour Emporium.
  4599 | D:3      | Noticed Natasha
  4603 | D:3      | Killed Natasha
  4882 | D:4      | Found a sparkling altar of Nemelex Xobeh.
  5060 | D:4      | Reached skill level 2 in Axes
  5121 | D:4      | Found a snail-covered altar of Cheibriados.
  5226 | D:4      | Found Pyanafim's General Store.
  5269 | D:4      | Became a worshipper of Nemelex Xobeh the Trickster
  5269 | D:4      | Reached * piety under Nemelex Xobeh
  5269 | D:4      | Received a gift from Nemelex Xobeh
  5269 | D:4      | Reached ** piety under Nemelex Xobeh
  5398 | D:5      | Entered Level 5 of the Dungeon
  5442 | D:5      | Found a radiant altar of Vehumet.
  5514 | D:5      | Reached XP level 7. HP: 43/52 MP: 7/7
  5591 | D:5      | Found a glowing drain.
  5601 | Sewer    | Entered a sewer
  5873 | Sewer    | Reached skill level 3 in Axes
  6168 | D:5      | Found a transporter.
  6169 | D:5      | Noticed lambentLogic's ghost (novice KoEn)
  6173 | D:5      | Found a transporter.
  6344 | D:5      | Found a staircase to the Ecumenical Temple.
  6367 | D:5      | Reached skill level 1 in Invocations
  6519 | D:5      | Reached skill level 4 in Axes
  6524 | D:5      | Reached XP level 8. HP: 53/58 MP: 7/9
  6585 | D:5      | Noticed Menkaure
  6586 | D:5      | Killed Menkaure
  7082 | D:5      | Found a hide-covered altar of Uskayaw.
  7125 | D:6      | Reached skill level 5 in Axes
  7150 | D:6      | Reached *** piety under Nemelex Xobeh
  7226 | D:6      | Reached skill level 6 in Axes
  7227 | D:6      | Received a gift from Nemelex Xobeh
  7300 | D:6      | Reached XP level 9. HP: 64/64 MP: 11/11
  7364 | D:6      | Found a blossoming altar of Fedhas.
  7515 | D:6      | Found an iron altar of Okawaru.
  8085 | D:7      | Reached skill level 7 in Axes
  8297 | D:7      | Received a gift from Nemelex Xobeh
  8540 | D:7      | Found a glowing silver altar of Zin.
  8779 | D:7      | Reached skill level 8 in Axes
  8856 | D:7      | Reached **** piety under Nemelex Xobeh
  9324 | D:8      | Found a flagged portal.
  9336 | Bailey   | Entered a bailey
  9443 | Bailey   | Reached skill level 5 in Armour
  9443 | Bailey   | Reached XP level 10. HP: 70/70 MP: 13/13
 10181 | Bailey   | Reached skill level 9 in Axes
 10714 | D:8      | Received a gift from Nemelex Xobeh
 11015 | D:8      | You fall into a shaft and drop 3 floors!
 11015 | D:11     | Found a staircase to the Orcish Mines.
 11053 | D:10     | Entered Level 10 of the Dungeon
 11069 | D:10     | Noticed a two-headed ogre
 11442 | D:9      | Noticed a kobold demonologist
 11686 | D:9      | Reached skill level 10 in Axes
 11875 | D:9      | Noticed a two-headed ogre
 11893 | D:9      | Killed a two-headed ogre
 11899 | D:9      | Reached XP level 11. HP: 43/71 MP: 14/14
 12119 | D:9      | Received a gift from Nemelex Xobeh
 12459 | D:9      | Reached skill level 11 in Axes
 12689 | D:10     | Reached ***** piety under Nemelex Xobeh
 12903 | D:10     | a two-headed ogre changed into a torpor snail
 13053 | D:10     | Received a gift from Nemelex Xobeh
 13905 | D:11     | Received a gift from Nemelex Xobeh
 13917 | D:11     | Found a broken altar of Ashenzari.
 14287 | D:11     | Found a staircase to the Lair.
 14661 | Orc:1    | Entered Level 1 of the Orcish Mines
 14675 | Orc:1    | Received a gift from Nemelex Xobeh
 14952 | Orc:2    | Entered Level 2 of the Orcish Mines
 15008 | Lair:1   | Entered Level 1 of the Lair of Beasts
 15168 | Lair:1   | Reached skill level 12 in Axes
 15175 | Lair:1   | Noticed Sonja
 15207 | Lair:1   | Killed Sonja
 15208 | Lair:1   | Reached skill level 5 in Fighting
 15208 | Lair:1   | Reached XP level 12. HP: 86/86 MP: 15/15
 15677 | Lair:1   | Noticed Nergalle
 15690 | Lair:1   | Killed Nergalle
 15817 | Lair:1   | Received a gift from Nemelex Xobeh
 15940 | Lair:1   | Found a runed translucent door.
 15940 | Lair:1   | Found a shimmering altar of Xom.
 15940 | Lair:1   | Noticed tizbic2's ghost (journeyman OgFi)
 16121 | Lair:2   | Noticed a six-headed hydra
 16125 | Lair:2   | Noticed a six-headed hydra
 16129 | Lair:2   | Killed a six-headed hydra
 16135 | Lair:2   | Killed a six-headed hydra
 16334 | Lair:2   | Found a staircase to the Swamp.
 16606 | Lair:2   | Noticed a five-headed hydra
 16609 | Lair:2   | Killed a five-headed hydra
 16643 | Lair:2   | Reached skill level 13 in Axes
 17016 | Lair:2   | Reached ****** piety under Nemelex Xobeh
 17033 | Lair:2   | Received a gift from Nemelex Xobeh
 17532 | Lair:3   | Noticed a death yak
 17532 | Lair:3   | Noticed a death yak
 17533 | Lair:3   | Noticed a death yak
 17702 | Swamp:1  | Entered Level 1 of the Swamp
 17702 | Swamp:1  | Noticed a shambling mangrove
 17873 | Orc:1    | Noticed a two-headed ogre
 17873 | Orc:1    | Noticed an ogre mage
 17874 | Orc:1    | Noticed Urug
 17876 | Orc:1    | Noticed a two-headed ogre
 17877 | Orc:1    | a two-headed ogre changed into a torpor snail
 17877 | Orc:1    | Noticed Urug
 17877 | Orc:1    | Urug changed into Urug the moth of wrath
 17877 | Orc:1    | a two-headed ogre changed into a manticore
 17883 | Orc:1    | Killed Urug the moth of wrath
 17885 | Orc:1    | Noticed a two-headed ogre
 17888 | Orc:1    | Noticed an orc warlord
 17890 | Orc:1    | Reached XP level 13. HP: 84/96 MP: 14/16
 17926 | Orc:1    | Killed an orc warlord
 18201 | Orc:1    | Found a runed translucent door.
 18204 | Orc:1    | Noticed a balrug
 18266 | Orc:2    | Received a gift from Nemelex Xobeh
 18768 | Orc:2    | Found a staircase to the Elven Halls.
 18774 | Orc:2    | Noticed an orc warlord
 18779 | Orc:2    | Identified the +2 long sword of the Coward {vorpal, rF+}
 18783 | Orc:2    | Banished an orc warlord
 18798 | Orc:2    | Annihilated by an orc warrior

Illustrated notes

Levels and vault maps discovered:
D:1:      tarquinn_simple_flora_water_b, layout_basic,
          hellmonk_ecumenical_altar_leap_of_faith, serial_shops, shop
D:2:      minmay_razor_zed, layout_rooms, minmay_3d_cube
D:3:      layout_loops_corners, kiku_gazebo_pond_becter, serial_shops, shop,
          minmay_unequal, uniq_natasha, uniq_terence
D:4:      layout_loops_cross, cheibriados_altar_1,
          mainiacjoe_overflow_concentric_impassable, kennysheep_windowed_goal
D:5:      layout_loops_corners, mainiacjoe_overflow_alcove_2, lemuel_tele_altar,
          minmay_temple_entry_waves, portal_sewer_entry_b,
          gammafunk_ghost_mausoleum, uniq_menkaure
D:6:      wander_river, layout_basic, mainiacjoe_overflow_small_starburst,
          fedhas_bush_and_centaur_altar, minmay_strange_pillars,
          corexii_checkpoint_b
D:7:      layout_loops_ring, old_standard_altar, kennysheep_generic_room_16
D:8:      layout_basic, enter_bailey_4
D:9:      layout_irregular_city, minivault_4
D:10:     layout_basic, hangedman_decor_peaks_small
D:11:     layout_roguey, erik_lair_orcish_takeover, orc_0_dummy,
          nicolae_ashenzari_skybound
D:12:     minmay_clustersquares, layout_basic, hangedman_decor_push
Lair:1:   layout_loops_ring, ebering_ghost_xom, uniq_nergalle, uniq_sonja
Lair:2:   layout_hall_layers, palyth_hydra_swamp_entry,
          lightli_volcano_entry_magma_tube
Lair:3:   layout_misc_corridors, spider_nest_entry_web_field
Swamp:1:  layout_basic_swamp, evilmike_swamp_ruin_rubble_1
Orc:1:    dreamdust_dug_too_deep, layout_caves, basic_altar,
          nicolae_orc_crystal_geode, uniq_urug
Orc:2:    st_orc_congregation, layout_caves

Skill      XL: |  1  2  3  4  5  6  7  8  9 10 11 12 13 |
---------------+----------------------------------------+-----
Polearms       | 5 6 7 |  7.3
Shields        | 2 |  2.0
Armour         | 1 2 3 5 7 8 9 |  9.6
Axes           | 2 4 6 8 10 12 13 | 13.6
Invocations    | 1 3 4 |  4.2
Fighting       | 5 7 8 |  8.4
Dodging        | |  4.0
Stealth        | |  2.1

Action                   |  1- 3 |  4- 6 |  7- 9 | 10-12 | 13-15 || total
-------------------------+-------+-------+-------+-------+-------++-------
Melee: Spear             |   125 |    82 |       |       |       ||   207
       Hand axe          |       |    77 |   221 |   477 |    63 ||   838
       Tailslap          |       |       |     5 |    12 |       ||    17
       Trident           |       |       |       |    18 |       ||    18
Invok: Draw Destruction  |       |       |    10 |    36 |     7 ||    53
       Draw Escape       |       |       |       |     6 |     4 ||    10
       Draw Summoning    |       |       |       |     8 |     4 ||    12
       Deal Four         |       |       |       |     1 |       ||     1
       Triple Draw       |       |       |       |       |     1 ||     1
  Use: Scroll            |       |     4 |     2 |     1 |     1 ||     8
       Potion            |       |       |       |     2 |       ||     2
 Stab: Sleeping          |     8 |     5 |       |       |       ||    13
       Distracted        |     1 |       |       |       |       ||     1
Armor: Robe              |    27 |     4 |       |       |       ||    31
       Ring mail         |       |    11 |       |       |       ||    11
       Chain mail        |       |    15 |   135 |   236 |    30 ||   416
       Skin              |       |       |       |     3 |       ||     3
Dodge: Dodged            |    78 |    57 |   116 |   246 |    23 ||   520
Block: Buckler           |       |    12 |    41 |    80 |    14 ||   147
